 Dungeon Crawl Stone Soup version 0.23.2 (webtiles) character file.

Game seed: 163176499583601523

288 Marnok the Skirmisher (level 6, -3/53 HPs)
             Began as a Hill Orc Fighter on Apr 4, 2019.
             Was an Initiate of Wu Jian.
             Slain by a slave (5 damage)
             ... led by Pikel
             ... on level 4 of the Dungeon.
             The game lasted 00:08:44 (2752 turns).

Marnok the Skirmisher (Hill Orc Fighter)            Turns: 2752, Time: 00:08:44

Health: -3/53      AC:  9    Str: 26    XL:     6   Next: 31%
Magic:  6/6        EV:  8    Int:  8    God:    Wu Jian [......]
Gold:   118        SH: 10    Dex: 10    Spells: 5/5 levels left

rFire    . . .     SeeInvis .   u - +3 long sword
rCold    . . .     Gourm    .   c - +0 shield
rNeg     . . .     Faith    .   b - +0 scale mail
rPois    .         Spirit   .   (no helmet)
rElec    .         Reflect  .   s - +0 cloak
rCorr    .         Harm     .   (no gloves)
MR       .....                  n - +0 pair of boots (curse)
Stlth    +.........             (no amulet)
HPRegen  0.17/turn              g - -2 ring of slaying (curse)
MPRegen  0.10/turn              t - ring of stealth

@: mighty, hasted, very quick
A: no striking features
a: Renounce Religion


You were on level 4 of the Dungeon.
You worshipped Wu Jian.
Wu Jian was noncommittal.
You were not hungry.

You visited 1 branch of the dungeon, and saw 4 of its levels.

You collected 178 gold pieces.
You spent 60 gold pieces at shops.

Inventory:

Hand Weapons
 u - a +3 long sword (weapon)
Missiles
 r - 12 poisoned needles
Armour
 b - a +0 scale mail (worn)
 c - a +0 shield (worn)
 n - a cursed +0 pair of boots (worn)
 s - a +0 cloak (worn)
Jewellery
 g - a cursed -2 ring of slaying (left hand)
 t - a ring of stealth (right hand)
Scrolls
 o - 2 scrolls of teleportation
Potions
 e - a potion of berserk rage {unknown}
 h - 2 potions of flight
 i - a potion of curing {unknown}
 j - 2 potions of brilliance {unknown}
 l - a potion of magic {unknown}
 p - a potion of mutation {unknown}
Comestibles
 a - 3 chunks of flesh
 f - 9 rations


   Skills:
 + Level 4.7 Fighting
 + Level 4.3 Long Blades
 + Level 4.6 Armour
 + Level 0.8 Dodging
 + Level 0.3 Stealth
 + Level 4.4 Shields


You had 5 spell levels left.
You didn't know any spells.
Your spell library was empty.

Dungeon Overview and Level Annotations

Branches:
Dungeon (4/15)
 Temple: D:4-7

Altars:
Ashenzari
Cheibriados
Dithmenos
Elyvilon
Nemelex Xobeh
Sif Muna
Wu Jian
Xom

Shops:
D:4 *

Annotations:
D:3 1 runed translucent door
D:4 Pikel


Message History

Your shield prevents you from hitting Pikel.
Pikel is severely wounded.
You block the hound's attack. The slave hits you!
Pikel hits you but does no damage. The slave hits you. The hound bites you.
The slave hits you but does no damage. The slave hits you!
You block the slave's attack.
You closely miss Pikel.
Pikel is severely wounded.
The hound bites you.
* * * LOW HITPOINT WARNING * * *
Pikel barely misses you.
You block the slave's attack. x2; The slave hits you.
* * * LOW HITPOINT WARNING * * *
You block the hound's attack. The slave hits you but does no damage.
Pikel hits you with a +2 whip of freezing.
* * * LOW HITPOINT WARNING * * *
Pikel freezes you.
* * * LOW HITPOINT WARNING * * *
You feel yourself speed up. The hound bites you but does no damage.
The slave hits you but does no damage. The slave hits you.
You die...

.............#...............
............##...............
........###..#........#.....
..........##....##...##.....
>....................... .
#.........#.............
##.......##..###........
#.....h........
.......p@p......
.......pKp....#.
.............## ............#
...........## ..........##
..$.......# ...........


You could see Pikel, 4 slaves and a hound.

Vanquished Creatures
  A phantom (D:4)
  A centaur skeleton (D:4)
  A jelly (D:4)
  A worker ant (D:4)
  A hound skeleton (D:4)
  3 adders
  3 gnolls (D:2)
  A worm (D:3)
  A dart slug (D:1)
  3 leopard geckos (D:1)
  An orc (D:4)
  A giant cockroach (D:3)
  4 goblins
  3 hobgoblins
  8 kobolds
  A quokka (D:2)
  6 bats
  3 frilled lizards (D:1)
  6 rats
49 creatures vanquished.

Notes
Turn   | Place    | Note
-------+----------+-------------------------------------------
     0 | D:1      | Marnok the Hill Orc Fighter began the quest for the Orb.
     0 | D:1      | Reached XP level 1. HP: 19/19 MP: 1/1
    27 | D:1      | Reached XP level 2. HP: 24/27 MP: 2/2
   314 | D:1      | Reached XP level 3. HP: 33/33 MP: 3/3
   915 | D:2      | Reached XP level 4. HP: 20/40 MP: 4/4
  1679 | D:3      | Found a white marble altar of Elyvilon.
  1679 | D:3      | Noticed an angel
  1680 | D:3      | Found a runed translucent door.
  1819 | D:3      | Found a snail-covered altar of Cheibriados.
  1826 | D:3      | Found a shimmering altar of Xom.
  1833 | D:3      | Found a shattered altar of Ashenzari.
  1840 | D:3      | Found a deep blue altar of Sif Muna.
  1853 | D:3      | Found an ornate altar of the Wu Jian Council.
  1857 | D:3      | Became a worshipper of the Wu Jian Council
  1863 | D:3      | Found a shadowy altar of Dithmenos.
  1868 | D:3      | Found a sparkling altar of Nemelex Xobeh.
  2405 | D:4      | Reached XP level 5. HP: 43/47 MP: 5/5
  2415 | D:4      | Noticed a phantom
  2429 | D:4      | Found Jabbups's Assorted Antiques.
  2441 | D:4      | Bought a scroll of identify for 60 gold pieces
  2468 | D:4      | Killed a phantom
  2468 | D:4      | Reached XP level 6. HP: 11/53 MP: 6/6
  2737 | D:4      | Noticed Pikel
  2737 | D:4      | Noticed a slave
  2737 | D:4      | Noticed a slave
  2737 | D:4      | Noticed a slave
  2737 | D:4      | Noticed a slave
  2751 | D:4      | HP: 2/53 [Pikel/+2 whip of freezing (1)]
  2752 | D:4      | Slain by a slave

Skill      XL: |  1  2  3  4  5 |
---------------+----------------+-----
Fighting       | 4 |  4.7
Long Blades    | 3 4 |  4.3
Shields        | 4 |  4.4
Armour         | 4 |  4.6
Dodging        | |  0.8
Stealth        | |  0.3

Action                   |  1- 3 |  4- 6 || total
-------------------------+-------+-------++-------
Melee: Long sword        |    89 |    96 ||   185
Invok: Lunge             |       |     2 ||     2
  Use: Scroll            |     6 |     3 ||     9
       Potion            |       |     4 ||     4
  Eat: Chunk             |       |     4 ||     4
       Ration            |       |     1 ||     1
Armor: Scale mail        |    33 |    67 ||   100
Dodge: Dodged            |    29 |    36 ||    65
Block: Shield            |    58 |    64 ||   122
       Rpst.: Long sword |     8 |    10 ||    18
